 Dungeon Crawl Stone Soup version 0.28.0-53-g5a82cb258f (webtiles) character file.

Game seed: 7203711598902419014

286 Sin92 the Skirmisher (level 6, 0/45 (48) HPs)
             Began as a Demonspawn Fighter on June 28, 2022.
             Succumbed to a scorpion's poison
             ... on level 3 of the Dungeon.
             The game lasted 00:03:14 (2892 turns).

Sin92 the Skirmisher (Demonspawn Fighter)           Turns: 2892, Time: 00:03:14

HP:   0/45 (48)     AC:  9    Str: 19    XL:     6   Next: 8%
MP:   6/6           EV:  7    Int:  9    God:
Gold: 131           SH:  4    Dex: 12    Spells: 5/5 levels left

rFire   . . .      SeeInvis .   a - +0 war axe
rCold   . . .      Faith    .   c - +0 buckler
rNeg    . . .      Spirit   .   e - +0 chain mail
rPois   .          Reflect  .   (no helmet)
rElec   .          Harm     .   (no cloak)
rCorr   .          Rampage  .   (no gloves)
Will    .....                   (no boots)
Stlth   ..........              (no amulet)
HPRegen 0.15/turn               (no ring)
MPRegen 0.20/turn               (no ring)

@: lethally poisoned (0 -> -10), attractive, drained
A: hooves 1, magic regeneration
a: no special abilities


You were on level 3 of the Dungeon.
You visited 1 branch of the dungeon, and saw 4 of its levels.

You collected 131 gold pieces.

Inventory:

Hand Weapons
 a - a +0 war axe (weapon)
Armour
 b - a +0 scale mail
 c - a +0 buckler (worn)
 e - a +0 chain mail (worn)
Wands
 g - a wand of polymorph (9)
 l - a wand of paralysis (12)
Scrolls
 f - a scroll of blinking
 h - a scroll of teleportation


   Skills:
 + Level 4.0 Fighting
 + Level 3.0 Axes
 + Level 3.6 Armour
 + Level 2.1 Dodging
 + Level 3.6 Shields


You had 5 spell levels left.
You didn't know any spells.
Your spell library contained the following spells:

 Spells                   Type           Power      Damage    Failure   Level
 Magic Dart               Conj           0%         1d3       99%         1
 Call Imp                 Summ           0%         N/A       100%        2
 Gell's Gravitas          Tloc           0%         N/A       100%        3
 Mephitic Cloud           Conj/Pois/Air  0%         N/A       100%        3
 Teleport Other           Tloc           0%         N/A       100%        3
 Dispersal                Tloc           0%         N/A       100%        6


Dungeon Overview and Level Annotations

Branches:
Dungeon (4/15)
 Temple: D:4-7

Altars:
Yredelemnul

Shops:
D:3 =[*?


Innate Abilities, Weirdness & Mutations

You have large cloven feet.
You regenerate magic rapidly.


Message History

You barely miss the worm. You kick the worm.
The worm is severely wounded.
You hit the scorpion. You hit the necrophage.
You feel very sick. The necrophage barely misses you.
The scorpion stings you but does no damage.
The worm bites you but does no damage. The necrophage barely misses you.
The scorpion barely misses you.
You are too injured to fight recklessly!
You are too injured to fight recklessly!
Unknown command.
You feel sick. The scorpion stings you.
There is a stone staircase leading up here.
You feel sick. The scorpion stings you.
* * * LOW HITPOINT WARNING * * *
The necrophage hits you.
* * * LOW HITPOINT WARNING * * *
You climb upwards.
* * * LOW HITPOINT WARNING * * *
You feel sick.
There is a stone staircase leading down here.
It was a potion of attraction.
You feel attractive to monsters.
You feel sick. The scorpion barely misses you.
The worm bites you but does no damage.
The necrophage hits you but does no damage.
It was a potion of curing.
You feel better. You block the scorpion's attack.
The necrophage hits you but does no damage.
The worm bites you!
* * * LOW HITPOINT WARNING * * *
You block the scorpion's attack.
You feel better. The scorpion stings you.
* * * LOW HITPOINT WARNING * * *
You are lethally poisoned!
The scorpion poisons you! The necrophage barely misses you.
* * * LOW HITPOINT WARNING * * *
You feel very sick.
The scorpion stings you but does no damage.
The worm closely misses you. You block the necrophage's attack.
You die...

..# #.......#..#
#.......#
..###########....#
######### .......#
#....# #......#
#....####### #......#
#.#..#.....# .......#
#.#..#.....#
....<..######.#..#.....#
.......##.....#..#.....#
.......''.....#s@#.....#
8......##....##n.w.∩<..#
.......##....###.#.....#
8############# #.#.....#
.# #.#.....# 8#
#.####### ## #.# # #.# #
#.#


You could see a necrophage, a worm and a scorpion.

Vanquished Creatures
  A scorpion (D:3)
  An orc priest (D:3)
  An orc wizard (D:3)
  Natasha (thrice) (D:2)
  2 adders (D:2)
  2 worms (D:2)
  4 dart slugs
  4 orcs (D:3)
  4 endoplasms
  A giant cockroach (D:3)
  7 goblins
  3 hobgoblins
  2 jackals (D:3)
  4 quokkas
  4 ball pythons (D:1)
  10 bats
  5 frilled lizards
  5 kobolds
  9 rats
72 creatures vanquished.

Vanquished Creatures (others)
  5 plants
5 creatures vanquished.

Grand Total: 77 creatures vanquished

Notes
Turn   | Place    | Note
-------+----------+-------------------------------------------
     0 | D:1      | Sin92 the Demonspawn Fighter began the quest for the Orb.
     0 | D:1      | Reached XP level 1. HP: 18/18 MP: 1/1
   174 | D:1      | Gained mutation: You regenerate magic rapidly. [demonic
                  | ancestry]
   174 | D:1      | Reached XP level 2. HP: 24/24 MP: 2/2
  1038 | D:2      | Noticed Natasha
  1043 | D:2      | Killed Natasha
  1044 | D:2      | Reached skill level 1 in Dodging
  1044 | D:2      | Gained mutation: You have large cloven feet. [demonic
                  | ancestry]
  1044 | D:2      | Reached XP level 3. HP: 28/29 MP: 3/3
  1047 | D:2      | Noticed Natasha
  1056 | D:2      | Killed Natasha
  1057 | D:2      | Reached XP level 4. HP: 33/35 MP: 4/4
  1147 | D:2      | Noticed Natasha
  1158 | D:2      | Killed Natasha
  1426 | D:2      | Found a basalt altar of Yredelemnul.
  1640 | D:2      | Found a faded altar of an unknown god.
  1686 | D:2      | Reached XP level 5. HP: 41/42 MP: 5/5
  2006 | D:3      | Found Cittoef's Jewellery Emporium.
  2006 | D:3      | Found Qiymoipaph's Armour Shop.
  2070 | D:3      | Found Xoderiu's Magic Scroll Emporium.
  2193 | D:3      | Found Johul's Assorted Antiques.
  2316 | D:3      | Reached skill level 4 in Fighting
  2316 | D:3      | Reached XP level 6. HP: 19/48 MP: 6/6
  2889 | D:3      | HP: 2/45 [worm (8)]
  2892 | D:3      | Succumbed to a scorpion's poison

Illustrated notes

Levels and vault maps discovered:
D:1:      eino_arrival_water_cross, layout_loops_ring, serial_forest,
          infiniplex_forest_pool, infiniplex_forest_lined_room_2,
          infiniplex_forest_end_2, infiniplex_forest_clump_diagonal,
          infiniplex_forest_clump_double, infiniplex_forest_lined_3,
          roderic_serpentine_path
D:2:      layout_rooms, hellmonk_ecumenical_altar_crossroads, basic_altar,
          kennysheep_crisscross, kennysheep_generic_room_4, uniq_natasha
D:3:      layout_basic, serial_shops, shop,
          nicolae_shop_temple_entry_statues_fountains, shop,
          nicolae_shop_overgrown_old_shop, chequers_serial_rivers_small_3
D:4:      layout_basic, nicolae_wu_jian_wuxing_cycle,
          chequers_serial_rivers_small_3, uniq_duvessa

Skill      XL: |  1  2  3  4  5 |
---------------+----------------+-----
Axes           | 2 3 |  3.0
Armour         | 3 |  3.6
Dodging        | 1 2 |  2.1
Shields        | 3 |  3.6
Fighting       | 4 |  4.0

Action                   |  1- 3 |  4- 6 || total
-------------------------+-------+-------++-------
Melee: War axe           |    79 |   124 ||   203
       Kick              |     1 |    26 ||    27
  Use: Scroll            |       |     6 ||     6
       Potion            |       |     4 ||     4
Armor: Scale mail        |    30 |       ||    30
       Chain mail        |    20 |    88 ||   108
Dodge: Dodged            |    36 |    51 ||    87
Block: Buckler           |    13 |    29 ||    42
